 Dungeon Crawl Stone Soup version 0.16-a0-296-gbdb9f68 (console) character file.

5711 b4rR31r0l1 the Conjurer (level 10, -7/53 HPs)
             Began as a Deep Elf Fire Elementalist on Aug 29, 2014.
             Was a High Priest of Vehumet.
             Killed from afar by an orc (22 damage)
             ... with a wand of draining
             ... on Level 8 of the Dungeon.
             The game lasted 00:51:58 (8477 turns).

b4rR31r0l1 the Conjurer (DEFE)                      Turns: 8477, Time: 00:51:59

HP  -7/53        AC  1     Str  7      XL: 10   Next: 48%
MP  28/31        EV 13     Int 22      God: Vehumet [*****.]
Gold 456         SH  0     Dex 15      Spells:  4 memorised, 16 levels left

rFire  . . .     SeeInvis .     E - staff of conjuration
rCold  + . .     Clarity  .     p - +0 robe
rNeg   . . .     rCorr    .     (no shield)
rPois  .         rRot     .     (no helmet)
rElec  .         Spirit   .     (no cloak)
SustAb .         Warding  .     t - +2 pair of gloves
rMut   .         Stasis   .     u - +0 pair of boots
Gourm  .                        (no amulet)
MR     +....                    (no ring)
                                x - ring "Ytamemuk" {Wiz Contam rC+}

@: corroded equipment, drained, somewhat resistant to hostile enchantments,
unstealthy
A: fangs 1
a: Renounce Religion


You were on level 8 of the Dungeon.
You worshipped Vehumet.
Vehumet was extremely pleased with you.
You were not hungry.

You visited 2 branches of the dungeon, and saw 9 of its levels.
You also visited: Ossuary.

You collected 456 gold pieces.

Inventory:

Hand weapons
 a - a cursed +2 dagger of venom
 r - a -3 dagger
 J - a +1 shortbow of freezing
Missiles
 K - 9 arrows
Armour
 p - a +0 robe (worn)
 t - a +2 pair of gloves (worn)
 u - a +0 pair of boots (worn)
Magical devices
 z - a wand of random effects (12)
 H - a wand of polymorph (22)
 M - a wand of random effects (17)
 O - a wand of magic darts (16)
Comestibles
 c - 11 bread rations
 g - 10 fruits
 m - 5 beef jerkies
 o - 2 meat rations
 G - 7 slices of pizza
Scrolls
 d - 2 scrolls of identify
 e - 9 scrolls of teleportation
 j - 2 scrolls of fog
 q - a scroll of recharging
 s - 3 scrolls of immolation
 v - 2 scrolls of enchant weapon
 y - a scroll of magic mapping
 B - 4 scrolls of remove curse
 C - 3 scrolls of amnesia
Jewellery
 x - the ring "Ytamemuk" (left hand) {Wiz Contam rC+}
   (You found it on level 6 of the Dungeon)

   [ring of wizardry]

   It improves your spell success rate.
   It protects you from cold.
   It causes magical contamination when unequipped.
 D - an uncursed ring of fire
 I - an uncursed ring of positive energy
Potions
 f - a potion of cancellation
 h - 3 potions of agility
 i - 4 potions of restore abilities
 k - 7 potions of curing
 l - a potion of brilliance
 n - a potion of lignification {unknown}
 w - a potion of haste {unknown}
 F - a potion of flight
Books
 b - a book of Flames

   Spells                             Type                      Level
   *Flame Tongue                      Conjuration/Fire             1
   Throw Flame                        Conjuration/Fire             2
   *Conjure Flame                     Conjuration/Fire             3
   Inner Flame                        Hexes/Fire                   3
   *Sticky Flame                      Conjuration/Fire             4
   *Fireball                          Conjuration/Fire             5
 A - a book of Ice

   Spells                             Type                      Level
   Metabolic Englaciation             Hexes/Ice                    5
   Ozocubu's Refrigeration            Ice                          6
   Bolt of Cold                       Conjuration/Ice              6
   Freezing Cloud                     Conjuration/Ice/Air          6
   Simulacrum                         Ice/Necromancy               6
 L - a book of Changes

   Spells                             Type                      Level
   Beastly Appendage                  Transmutation                1
   Sticks to Snakes                   Transmutation                2
   Spider Form                        Transmutation/Poison         3
   Ice Form                           Ice/Transmutation            4
   Blade Hands                        Transmutation                5
Magical staves
 E - an uncursed staff of conjuration (weapon)


   Skills:
 + Level 2.1(1.6) Fighting
 + Level 3.9(3.4) Dodging
 - Level 2.4(1.8) Stealth
 - Level 10.0(9.3) Spellcasting
 - Level 11.0(10.3) Conjurations
 - Level 10.1(9.5) Fire Magic


You had 16 spell levels left.
You knew the following spells:

 Your Spells              Type           Power        Failure   Level  Hunger
a - Flame Tongue          Conj/Fire      #####        1%          1    None
b - Conjure Flame         Conj/Fire      ######..     1%          3    None
c - Sticky Flame          Conj/Fire      ######..     1%          4    ##.....
d - Fireball              Conj/Fire      ######....   1%          5    ####...


Dungeon Overview and Level Annotations

Branches:
Dungeon (8/15)             Temple (1/1) D:5
   Lair: D:8-11

Altars:
Ashenzari
Cheibriados
Fedhas
Kikubaaqudgha
Makhleb
Nemelex Xobeh
Okawaru
Qazlal
Sif Muna
Trog
Vehumet
Zin
The Shining One

Shops:
D:6 [:   D:7 ?

Annotations:
D:8 Joseph


Innate Abilities, Weirdness & Mutations

You have very sharp teeth.


Message History

Aim: a jelly (severely wounded) Ye feel a surge o' power!
Tha flame tongue hits tha jelly.
Tha jelly be almost dead.
Tha jelly hits ye.
Ye be splashed wit' acid!
Tha acid corrodes yer equipmn't!
Tha acid burns!
* * * LOW HITPOINT WARNIN'
* * * Castin': Flame Tongue Confirm wit' . or Enter, or press ? or * ta list all spells.
Aimin': Flame Tongue
Press: ? - help, Shift-Dir - straight line, f/p - jelly
Aim: a jelly (almost dead) Ye feel a surge o' power!
Tha flame tongue hits tha jelly.
Ye kill tha jelly!
Vehumet accepts yer kill.
Ye feel yer power returnin'.
Ye start restin'.
An orc comes inta view.
It be wieldin' a club.
Tha orc shouts!
Tha orc zaps a wand.
Tha bolt o' negative energy hits ye!
Ye feel drain'd.
Ye die... ••••█ ████•███

██
██•
█•█
█•█
█•
█••
█•█
█•█
█
█•
█•█


█o█ ██∆███ █ █• █•█ █•█ ██••█•█ █ █•██•███•█ ██•••█•███ █ ██••••••••█
██•••)█•≡•█ █ █•••••••••████•••••█•█ ██ █••••••••♀•••∆•••••█ζ█ ▲••
█•••••••••████••••)█•█ ███ █•••[•••••█ ██••••█•█ █ █••••)••••█ ██•••█•█ █
█•••••••••█ ██••█•█ █•••••••••█ ██▲█•█ █••••)••••█ █•█•█ █••••)••••█ █•█•█
█████•█████ ██•█•█ You could see an orc.

Vanquished Creatures
  Pikel (D:7)
  2 hogs (D:7)
  Eustachio (D:8)
  A human (D:7)
  A hippogriff (D:8)
  3 phantoms
  5 sky beasts
  A gnoll shaman (D:7)
  2 orc warriors
  A slave (D:7)
  2 ice beasts
  5 ogres
  A yellow wasp (D:7)
  3 centaurs
  Sigmund (D:3)
  3 giant frogs
  Blork the orc (D:5)
  4 big kobolds
  5 killer bees (D:8)
  3 scorpions
  5 wights (D:8)
  A crimson imp (D:8)
  A goliath beetle (D:8)
  4 hounds
  10 orc priests
  2 jellies
  6 orc wizards
  6 worker ants
  2 iguanas
  2 sheep (D:7)
  A big kobold skeleton (D:7)
  12 mummies (Ossuary)
  8 adders
  8 gnolls
  An inept item mimic (D:6)
  2 giant mites
  4 worms
  3 orc skeletons
  4 giant geckos
  3 oozes
  27 orcs
  3 giant cockroaches
  9 goblins
  9 hobgoblins
  11 jackals (D:1)
  2 quokkas
  2 ball pythons
  10 bats
  A giant newt (D:2)
  A giant spore (D:8)
  4 goblin skeletons (Ossuary)
  A hobgoblin skeleton (D:8)
  A hobgoblin zombie (D:6)
  62 kobolds
  3 kobold skeletons (Ossuary)
  9 rats
  11 rat skeletons (Ossuary)
  7 ballistomycetes (D:8)
304 creatures vanquished.

Vanquished Creatures (others)
  A slave (D:7)
  A crimson imp (D:7)
  A giant mite (D:7)
  2 giant spores (D:8)
  A ballistomycete (D:8)
6 creatures vanquished.

Grand Total: 310 creatures vanquished

Notes
Turn   | Place    | Note
--------------------------------------------------------------
     0 | D:1      | b4rR31r0l1, the Deep Elf Fire Elementalist, began the quest for the Orb.
     0 | D:1      | Reached XP level 1. HP: 10/10 MP: 5/5
   193 | D:1      | Reached XP level 2. HP: 15/15 MP: 6/8
   610 | D:1      | Reached XP level 3. HP: 19/19 MP: 9/11
  1504 | D:3      | Learned a level 3 spell: Conjure Flame
  1523 | D:3      | Noticed a giant frog
  1531 | D:3      | Killed a giant frog
  1531 | D:3      | Reached skill level 4 in Spellcasting
  1531 | D:3      | Reached XP level 4. HP: 1/24 MP: 7/15
  1531 | D:3      | Reached XP level 5. HP: 1/28 MP: 8/18
  1920 | D:3      | Found a bloodstained altar of Trog.
  2107 | D:3      | Noticed Sigmund
  2153 | D:3      | Learned a level 4 spell: Sticky Flame
  2160 | D:3      | Killed Sigmund
  2160 | D:3      | Reached skill level 5 in Spellcasting
  2400 | D:4      | Reached XP level 6. HP: 32/32 MP: 18/21
  2402 | D:4      | Found an iron altar of Okawaru.
  2417 | D:4      | Reached skill level 5 in Fire Magic
  2530 | D:4      | Noticed an ogre
  2538 | D:4      | Killed an ogre
  2597 | D:4      | Found a stormy altar of Qazlal.
  2697 | D:4      | Reached skill level 6 in Spellcasting
  2697 | D:4      | Reached skill level 5 in Conjurations
  2797 | D:4      | Reached XP level 7. HP: 34/36 MP: 20/24
  3122 | D:5      | Entered Level 5 of the Dungeon
  3147 | D:5      | Noticed Blork the orc
  3210 | D:5      | Killed Blork the orc
  3465 | D:5      | Reached skill level 7 in Spellcasting
  3541 | D:5      | Reached XP level 8. HP: 33/41 MP: 19/26
  3662 | D:5      | Found a staircase to the Ecumenical Temple.
  3669 | Temple   | Entered the Ecumenical Temple
  3704 | Temple   | Became a worshipper of Vehumet
  4010 | D:5      | Reached skill level 8 in Spellcasting
  4031 | D:5      | Acquired Vehumet's first power
  4031 | D:5      | Offered knowledge of Sandblast by Vehumet.
  4224 | D:5      | Offered knowledge of Searing Ray by Vehumet.
  4988 | D:6      | Reached skill level 9 in Spellcasting
  5003 | D:6      | Got a fine jade ring
  5004 | D:6      | Identified the ring "Ytamemuk" {Wiz Contam rC+} (You found it on level 6 of the Dungeon)
  5012 | D:6      | Learned a level 5 spell: Fireball
  5170 | D:6      | Reached XP level 9. HP: 39/45 MP: 19/29
  5389 | D:6      | Found Bocusih's Book Emporium.
  5504 | D:6      | Found Plog's Antique Armour Shop.
  5656 | D:7      | Found a sand-covered staircase.
  5661 | Ossuary  | Entered an ossuary
  5710 | Ossuary  | Gained mutation: You have very sharp teeth. [potion of beneficial mutation]
  5795 | Ossuary  | Offered knowledge of Throw Frost by Vehumet.
  5845 | Ossuary  | Acquired Vehumet's second power
  6227 | D:7      | Offered knowledge of Fulminant Prism by Vehumet.
  6343 | D:7      | Reached skill level 10 in Spellcasting
  6596 | D:7      | Found Trieril's Magic Scroll Shop.
  6701 | D:7      | Acquired Vehumet's third power
  6920 | D:7      | Noticed Pikel
  6923 | D:7      | Killed Pikel
  6923 | D:7      | Reached skill level 10 in Fire Magic
  6923 | D:7      | Reached XP level 10. HP: 34/50 MP: 20/31
  6956 | D:7      | Offered knowledge of Ignite Poison by Vehumet.
  6956 | D:7      | Reached skill level 10 in Conjurations
  7255 | D:8      | Found a glowing golden altar of the Shining One.
  7257 | D:8      | Found a sparkling altar of Nemelex Xobeh.
  7561 | D:8      | Noticed Eustachio
  7587 | D:8      | Killed Eustachio
  7587 | D:8      | Reached skill level 11 in Conjurations
  7782 | D:8      | Identified a scroll of acquirement
  7894 | D:8      | Reached skill level 1 in Fighting
  8108 | D:8      | Noticed Joseph
  8477 | D:8      | Killed from afar by an orc

Action                   |  1- 3 |  4- 6 |  7- 9 | 10-12 || total
-------------------------+-------+-------+-------+-------++-------
Melee: Dagger            |       |       |    38 |    23 ||    61
 Fire: Shortbow          |       |       |       |     5 ||     5
 Cast: Flame Tongue      |    76 |    82 |   399 |   190 ||   747
       Sticky Flame      |       |     1 |    14 |    12 ||    27
       Conjure Flame     |       |     1 |    12 |     6 ||    19
       Fireball          |       |       |     1 |     1 ||     2
Evoke: Wand              |       |       |     2 |       ||     2
  Use: Scroll            |       |     6 |     7 |     5 ||    18
       Potion            |       |       |     6 |       ||     6
 Stab: Sleeping          |       |       |     1 |       ||     1
  Eat: Chunk             |     2 |     3 |    14 |     5 ||    24
